 Dungeon Crawl Stone Soup version 0.28-a0-503-g83f2989fac (webtiles) character file.

Game seed: 13474335056748203189

266 bande the Skirmisher (level 6, -7/39 HPs)
             Began as a Gargoyle Fighter on Sept 21, 2021.
             Mangled by an ogre (13 damage)
             ... on level 3 of the Dungeon.
             The game lasted 00:05:03 (3646 turns).

bande the Skirmisher (Gargoyle Fighter)             Turns: 3646, Time: 00:05:04

Health: -7/39      AC: 18    Str: 22    XL:     6   Next: 20%
Magic:  6/6        EV:  6    Int:  9    God:
Gold:   216        SH:  5    Dex: 11    Spells: 5/5 levels left

rFire   . . .      SeeInvis .   a - +1 war axe
rCold   . . .      Faith    .   c - +1 buckler
rNeg    + + .      Spirit   .   l - +0 plate armour
rPois   ∞          Reflect  .   (no helmet)
rElec   +          Harm     .   (no cloak)
rCorr   .          Rampage  .   i - +1 pair of gloves {Str+3}
Will    .....                   (no boots)
Stlth   ..........              (no amulet)
HPRegen 0.13/turn               f - ring of positive energy
MPRegen 0.10/turn               (no ring)

@: no status effects
A: sickness immunity, AC +4, negative energy resistance 1, electricity
resistance, torment resistance 1, petrification resistance
a: no special abilities


You were on level 3 of the Dungeon.
You visited 1 branch of the dungeon, and saw 4 of its levels.

You collected 216 gold pieces.

Inventory:

Hand Weapons
 a - a +1 war axe (weapon)
Armour
 c - a +1 buckler (worn)
 i - a +1 pair of gloves of strength (worn)
 l - a +0 plate armour (worn)
Jewellery
 f - a ring of positive energy (left hand)
Scrolls
 h - 3 scrolls of identify
 j - a scroll of acquirement
Potions
 b - a potion of cancellation
 d - a potion of might
 e - a potion of magic
 g - a potion of haste


   Skills:
 + Level 4.5 Fighting
 + Level 4.1 Axes
 + Level 4.3 Armour
 + Level 4.0 Shields


You had 5 spell levels left.
You didn't know any spells.
Your spell library contained the following spells:

 Spells                   Type           Power      Damage    Failure   Level
 Magic Dart               Conj           0%         1d3       100%        1
 Sandblast                Erth           0%         2d4       100%        1
 Passwall                 Tmut/Erth      0%         N/A       100%        2
 Searing Ray              Conj           0%         2d4       100%        2
 Stone Arrow              Conj/Erth      0%         3d7       100%        3
 Fulminant Prism          Conj/Hex       0%         3d6       100%        4
 Petrify                  Tmut/Erth      0%         N/A       100%        4
 Metabolic Englaciation   Hex/Ice        0%         N/A       100%        5
 Statue Form              Tmut/Erth      Unusable   N/A       N/A         6

Dungeon Overview and Level Annotations

Branches:
Dungeon (4/15)             Temple (0/1) D:4

Altars:
Gozag
Sif Muna
Uskayaw
Vehumet

Shops:
D:2 ::*

Annotations:
D:3 3 runed translucent doors, RandomusNamus's ghost, amateur DjFE


Innate Abilities, Weirdness & Mutations

You are immune to sickness and miasma.
Your stone body is resilient. (AC +4)
You are immune to poison.
You resist negative energy. (rN+)
You are resistant to electric shocks. (rElec)
You are resistant to unholy torment.
You are immune to petrification.


Message History

The adder barely misses you.
There is a stone staircase leading up here.
You hit the adder.
The adder is heavily wounded.
The adder bites you but does no damage. The adder closely misses you.
You closely miss the adder.
The adder is heavily wounded.
You block the adder's attack.
You slash the adder!
You kill the adder!
You slash the endoplasm!
You kill the endoplasm!
You block the ogre's attack.
You barely miss the ogre. You block the ogre's attack.
You slash the ogre!
The ogre is moderately wounded.
The ogre barely misses you.
There is a stone staircase leading up here.
The ogre hits you with a +0 giant club!!
Ouch! That really hurt!
You climb upwards.
Level annotation: 3 runed translucent doors, RandomusNamus's ghost, amateur DjFE
There is a stone staircase leading down here.
You hit the ogre but do no damage.
The ogre is moderately wounded.
The ogre hits you with a +0 giant club.
You slash the ogre!
The ogre is severely wounded.
The ogre barely misses you.
You barely miss the ogre.
The ogre is severely wounded.
The ogre hits you but does no damage.
You hit the ogre.
The ogre is severely wounded.
The ogre hits you with a +0 giant club!
* * * LOW HITPOINT WARNING * * *
You hit the ogre.
The ogre is severely wounded.
The ogre hits you with a +0 giant club!
You die...

#.##.#..##.# #.# ##.#.##..##.
#.##.#..##.# #.# #.......#(.
##.##.#..##.###.## #.#.##..##.
#>..#.#..##.##...#### #.#.##...#.
...............#....###.#........
.......####.##...##[....#..###†).
.....#.# #.###.#######.#..# #...
#...##.# #.# #.#######.##.###...
##.###.# ##.###)@O......##.......
#.###.###...##########.####.##.#
#...........##########.# #.##.#
#.##...................## #.#)..
##.###.###.#.##########..###....#
#..# ### #.#.##########........##
#)## #.#.................#..#
...#######.#############.###.#...
...........# #.# #.#..#


You could see an ogre.

Vanquished Creatures
  An ogre (D:3)
  Jessica (D:3)
  5 gnolls
  4 adders
  A worm (D:3)
  4 dart slugs
  An orc (D:3)
  8 ball pythons
  5 endoplasms
  2 giant cockroaches
  3 goblins
  4 hobgoblins
  4 jackals
  4 quokkas
  5 bats
  8 kobolds
  4 rats
64 creatures vanquished.

Notes
Turn   | Place    | Note
-------+----------+-------------------------------------------
     0 | D:1      | bande the Gargoyle Fighter began the quest for the Orb.
     0 | D:1      | Reached XP level 1. HP: 14/14 MP: 1/1
   196 | D:1      | Reached XP level 2. HP: 3/20 MP: 2/2
   915 | D:2      | Reached XP level 3. HP: 21/24 MP: 3/3
  1202 | D:2      | Reached XP level 4. HP: 29/29 MP: 4/4
  1209 | D:2      | Found a shimmering blue altar of Sif Muna.
  1235 | D:2      | Found Duotist's Book Emporium.
  1318 | D:2      | Found Vemm's General Store.
  1433 | D:2      | Found Puotuo's Book Shop.
  2333 | D:3      | Reached XP level 5. HP: 31/33 MP: 5/5
  2377 | D:3      | Found a radiant altar of Vehumet.
  2389 | D:3      | Noticed Jessica
  2395 | D:3      | Killed Jessica
  2458 | D:3      | Identified a scroll of acquirement
  2458 | D:3      | Acquired a +1 pair of gloves of strength
  2600 | D:3      | Found a runed translucent gate.
  2600 | D:3      | Found a runed translucent gate.
  2600 | D:3      | Found a runed translucent gate.
  2600 | D:3      | Found an opulent altar of Gozag.
  2606 | D:3      | Noticed RandomusNamus's ghost (amateur DjFE)
  2726 | D:3      | Found a hide-covered altar of Uskayaw.
  3176 | D:4      | Noticed an ogre
  3177 | D:4      | Found a staircase to the Ecumenical Temple.
  3177 | D:4      | Noticed an ogre
  3191 | D:3      | Killed an ogre
  3192 | D:3      | Reached XP level 6. HP: 8/39 MP: 6/6
  3646 | D:3      | Mangled by an ogre

Illustrated notes

Levels and vault maps discovered:
D:1:      zelgadis_glass_arrival_small, layout_basic
D:2:      layout_basic, serial_shops, nicolae_shop_waterfront, shop_coins,
          nicolae_shop_trees, basic_altar
D:3:      layout_loops_ring, vehumet_crystals,
          nicolae_uskayaw_murder_on_the_dancefloor, ebering_ghost_gozag,
          minivault_5, serial_bayou_pond_e, minmay_three_crescents, uniq_jessica
D:4:      gammafunk_wand_slinger, layout_basic, tso_oasis_becter,
          mainiacjoe_overflow_divided_tiny, minmay_temple_entry_tees,
          minmay_circle_x

Skill      XL: |  1  2  3  4  5 |
---------------+----------------+-----
Axes           | 2 3 4 |  4.1
Fighting       | 4 |  4.5
Armour         | 4 |  4.3
Shields        | 4 |  4.0

Action                   |  1- 3 |  4- 6 || total
-------------------------+-------+-------++-------
Melee: War axe           |    85 |   149 ||   234
  Use: Scroll            |     2 |     6 ||     8
       Potion            |     2 |       ||     2
Armor: Scale mail        |    60 |       ||    60
       Chain mail        |     8 |    85 ||    93
       Plate armour      |       |    18 ||    18
Dodge: Dodged            |    63 |    58 ||   121
Block: Buckler           |    31 |    53 ||    84

Table legend: (Time is in decaauts)
 A = Elapsed time spent in this place.
 B = Non-inter-level travel time spent in this place.
 C = Inter-level travel time spent in this place.
 D = Time resting spent in this place.
 E = Time spent auto-exploring this place.
 F = Levels seen in this place.
 G = Mean time per level.
                   A        B        C        D        E       F      G
               +--------+--------+--------+--------+--------+-----+--------+
         Total |   3736 |   3736 |      0 |   1219 |   1826 |   4 |  934.0 |
       Dungeon |   3736 |   3736 |      0 |   1219 |   1826 |   4 |  934.0 |
               +--------+--------+--------+--------+--------+-----+--------+

Top non-repeatable levels by time:
     D:3: 1515 daAuts
     D:2: 1266 daAuts
     D:1: 929 daAuts
     D:4: 25 daAuts
